 Dungeon Crawl Stone Soup version 0.15.2 (webtiles) character file.

28 mumoofchristmaspast the Insei (level 3, 0/29 HPs)
             Began as a Mummy Monk on Dec 24, 2014.
             Slain by a kobold (4 damage)
             ... on Level 1 of the Dungeon.
             The game lasted 00:05:48 (2241 turns).

mumoofchristmaspast the Insei (Mummy Monk)          Turns: 2241, Time: 00:05:48

HP   0/29        AC  0     Str 14      XL: 3   Next:  0%
MP   3/3         EV 13     Int  9      God:
Gold 70          SH  0     Dex 15      Spells:  0 memorised,  2 levels left

rFire  x . .     SeeInvis .       - Unarmed
rCold  + + .     Clarity  .     (no armour)
rNeg   + + +     rCorr    .     (no shield)
rPois  +         rRot     +     (no helmet)
rElec  .         Spirit   .     (no cloak)
SustAb .         Warding  .     (no gloves)
rMut   .         Stasis   .     (no boots)
Gourm  .                        (no amulet)
MR     +....                    i - ring of protection from cold
                                a - ring of protection from magic

@: somewhat resistant to hostile enchantments, unstealthy
A: no food or potions, fire vulnerability, restore body, cold resistance 1,
negative energy resistance 3, poison resistance, torment resistance, unbreathing
a: no special abilities


You were on level 1 of the Dungeon.
You were not hungry.

You visited 1 branch of the dungeon, and saw 2 of its levels.

You collected 70 gold pieces.


Innate Abilities, Weirdness & Mutations

You do not eat or drink.
Your flesh is vulnerable to fire.
Your flesh is cold resistant.
You are immune to negative energy.
Your system is resistant to poisons.
You are immune to unholy pain and torment.
You can survive without breathing.


   Skills:
 - Level 3.0 Fighting
 - Level 2.4 Dodging
 - Level 1.5 Stealth
 + Level 4.1 Unarmed Combat


You had 2 spell levels left.
You didn't know any spells.

Inventory:

Comestibles
 f - a bread ration (quivered)
 g - 2 beef jerkies
Scrolls
 b - a scroll of identify
 d - a scroll of recharging
 e - a scroll of remove curse
 h - a scroll of amnesia
Jewellery
 a - a ring of protection from magic (left hand)
 i - a ring of protection from cold (right hand)

Dungeon Overview and Level Annotations

Branches:
Dungeon (2/15)

Altars:

# #.......##K# #.#..<.#. #
#.......##.# #.##...#. ##
#.......##.# #.####.#. .#
#.......##.# #.# ##.. .#
#.......##.# #.#######
.#####......##.##########......#
..............>.........####.#.#
#########.#)####K..............#
#.)...#.####@..............# #
###.#####....................# #
#.....# #....................#
###.....# #....................#
........# #....................#
........# #....................#
........# #....................#
........# #....................#
........# #.#########.....##.#.#


You could see a kobold.


Message History

You start resting.
A kobold is nearby!
You punch the goblin!
You kill the goblin!
You have reached level 3!
Your experience leads to an increase in your attributes!
Increase (S)trength, (I)ntelligence, or (D)exterity?
You feel agile.
Things that are here:
a club; a goblin corpse You swing at nothing.
You swing at nothing.
You swing at nothing.
You swing at nothing.
You swing at nothing.
You swing at nothing.
You closely miss the kobold.
The kobold is heavily wounded.
The kobold closely misses you.
You miss the kobold.
The kobold is heavily wounded.
The kobold completely misses you.
You hit the kobold but do no damage.
The kobold is heavily wounded.
The kobold hits you.
* * * LOW HITPOINT WARNING * * *
You closely miss the kobold.
The kobold is heavily wounded.
The kobold hits you.
You die...

Action                   || total
-------------------------++-------
Melee: Unarmed           ||   129
  Use: Scroll            ||     5

Vault maps used:
D:1:      saegor_arrival_simple_e

Notes
Turn   | Place    | Note
--------------------------------------------------------------
     0 | D:1      | mumoofchristmaspast, the Mummy Monk, began the quest for the Orb.
     0 | D:1      | Reached XP level 1. HP: 18/18 MP: 1/1
    10 | D:1      | mumoofchristmaspast: dang
    50 | D:1      | moscheto: 3crowded5mylikings
   106 | D:1      | Aryth: that's some tough hobgoblin
   452 | D:1      | mumoofchristmaspast: soft bandaged fists
   883 | D:1      | Reached XP level 2. HP: 22/24 MP: 2/2
  1651 | D:1      | Reached skill level 4 in Unarmed Combat
  1979 | D:1      | moscheto: eat tasty gnocci son
  2193 | D:1      | mumoofchristmaspast: polo menos os meus pes están quentiños
  2193 | D:1      | mumoofchristmaspast: :1
  2201 | D:1      | moscheto: OS MEUS NO
  2201 | D:1      | :(
  2201 | D:1      | moscheto: D_:
  2218 | D:1      | I shall be merciful, kobold-man.
  2229 | D:1      | Reached XP level 3. HP: 7/29 MP: 3/3
  2241 | D:1      | Slain by a kobold

Vanquished Creatures
  3 bats (D:1)
  3 giant cockroaches (D:1)
  5 goblins (D:1)
  4 hobgoblins (D:1)
  A jackal (D:1)
  A kobold (D:1)
  A giant newt (D:1)
  7 rats
25 creatures vanquished.
